Workbook

Sheet Key
A1: Key:
A2: Level I
A3: Level II
A4: Level III
A5: Level IV
A6: Level V
A8: 2021-2022
A9: 2022-2023
A10: 2023-2024
A11: 2024-2025
A12: 2025-2026
A13: 2026-2027
... A68: 8. Describe effective communication methods to use with families of individuals with exceptional learning needs.

Sheet Pathway Evaluation
B1: Smyrna High School
B2: Vocational Assessment
B3: K-12 Pathway Evaluation Form
B5: Instructions: Select the appropriate rating for each portion of the evalution that best descrives the person being rated.
B6: Pathway Evaluation
A7: Level | B7: Course Knowledge and Skills | C7: Selected Rating
A8: Level I | B8: 1. Explain the major theories of human development and apply those theories in the context of teaching and learning.
A9: Level I | B9: 2. Describe the basic methods of research and observation related to children and use those results/observations to provide more effective instruction.
A10: Level I | B10: 3. Distinguish between normal and abnormal development as it relates to each domain and describe how teachers use this information to inform instruction.
A11: Level I | B11: 4. Identify positive and negative influences on the developmental domains, analyze the effects of those influences on a student’s ability to learn, and demonstrate how an effective teacher utilizes this information to modify instruction.
A12: Level I | B12: 5. Describe how the factors of nature vs. nurture, the family as a system, and parenting styles influence development.
A13: Level I | B13: 6. Describe genetic and environmental variables during conception and birth that affect the development of intellectual abilities, personality, and psychological development.
A14: Level I | B14: 7. Analyze major learning theories related to cognitive development and demonstrate how to integrate those theories for effective instructional outcomes.
A15: Level I | B15: 8. Describe language development during infancy and childhood and explain the implications for future learning.
A16: Level I | B16: 9. Describe social and emotional development as it relates to emotion, temperament, self-esteem, identity, gender awareness, and peer socialization.
A17: Level II | B17: 1. Assess the qualities of an effective teacher and describe how those qualities impact student achievement. Compare and contrast your personal qualities with those of an effective teacher to predict future success.
A18: Level II | B18: 2. Articulate a personal philosophy of teaching in order to establish a baseline for self-assessment of skills/disposition needed to be an effective teacher.
A19: Level II | B19: 3. Examine the roles and responsibilities of the teacher at each grade band identifying positive and negative attributes of each. Describe options for teachers in different settings such as public, parochial, private, or charter.
... A45: Level IV | B45: 8. Describe effective communication methods to use with families of individuals with exceptional learning needs.

Sheet General Evaluation
A2: Vocational Assessment
A3: Culinary & Hospitality Management Pathway Evaluation Form
A4: Employee/Student Information
A5: Name:
A6: Date of Birth:
A7: Enrollment Level:
A8: School Year:
A9: Case Manager:
A10: Evaluator:
A11: Date of Evaluation:
A13: Instructions: Select the appropriate rating for each portion of the evalution that best descrives the person being rated.
A14: General Employee Skills
A15: Topic | B15: Ineffective / Unsatisfactory | C15: Needs Improvement | D15: Average | E15: Effective / Proficient | F15: Highly Effective / Exceptional | G15: Selected Rating
A16: Quality of Work & Accuracy | B16: Makes frequent errors | C16: Careless; makes recurrent errors | D16: Usually accurate makes only average number of mistakes | E16: Requires little supervision; is eact and precise most of the time | F16: Requires no supervision; always accurate | G16: Needs Improvement
A17: Creativity | B17: Rarely has a new ideas; is unimaginative | C17: Occasionally comes up with a new idea | D17: Shows imagination; has reasonable number of new ideas | E17: Frequently suggests new ways of doing things; is very imaginative | F17: Continually seeks new and better ways of doing things, is extremely imaginative
A18: Attitude & Cooperation | B18: Very distant and aloof; chronic complainer; may argue about or refuse assignments | C18: Occasionally uncooperative; shows little enthusiasm | D18: Warm; friendly; sociable; responds well to change and new routines | E18: Very sociable and out-going; is usually cheerful; very flexible | F18: Extremely sociable; excellent at establishing good will
A19: Professional & Pathway Appearance | B19: Very untidy; poor taste in dress; not suitable for workplace | C19: Sometimes untidy and careless about business appearance | D19: Neat and clean; satisfactory business appearance | E19: Careful about business appearance; good taste in dress | F19: Unusually well groomed; very neat; excellent taste in dress
A20: Attendance | B20: Often absent without good excuse and/or often reports for work late | C20: Lax in attendance and/or reporting for work on time | D20: Usually present for work on time | E20: Very prompt; regular in attendance | F20: Always regular and prompt
A21: Work Space Appearance | B21: Disorderly or untidy | C21: Some tendency to be careless | D21: Ordinarily keeps work area fairly neat | E21: Quiet conscientious about neatness and cleanliness | F21: Unusually neat; clean and orderly
A22: Initative & Dependable | B22: Requires close supervision; is unreliable. Needs constant prodding and direction | C22: Sometimes requires prompting | D22: Usually handles necessary task and completes with reasonable promptness | E22: Requires little supervision; is reliable works independently Good follow through | F22: Requires absolute minimum of supervision; self-starter
A23: Quanity or Volume of Work | B23: Does not meet the minimum requirements | C23: Does just enough to get by | D23: Volume of work is satisfactory | E23: Very industrious; does more than is required. Consistently turns out more than average | F23: Superior work production record
A24: Tolerance | B24: Goes “to pieces” under pressure; is jumpy and nervous | C24: Occasionally “blows up” under pressure; is easily irritated | D24: Has average tolerance for crises; usually remains calm | E24: Tolerates most pressure; very good tolerance for crises | F24: Thrives under pressure; really enjoys solving crisis
A25: Courtesy | B25: Blunt; discourteous; antagonistic; can be upset easily; touchy | C25: Sometimes tactless; abrupt and impatient at times | D25: Agreeable, pleasant and courteous | E25: Always very polite and willing to help | F25: Inspiring to other in being courteous and pleasant; extremely tactful.
A26: Comments:

Sheet Level I Full Eval
A2: Vocational Assessment
A3: Culinary & Hospitality Management Pathway Evaluation Form
A4: Employee/Student Information
A5: Name: | B5: ='General Evaluation'!B5:D5 -> 0
A6: Date of Birth: | B6: ='General Evaluation'!B6:D6 -> 0
A7: Enrollment Level: | B7: ='General Evaluation'!B7:D7 -> 0
A8: School Year: | B8: ='General Evaluation'!B8:D8 -> 0
A9: Case Manager: | B9: ='General Evaluation'!B9:D9 -> 0
A10: Evaluator: | B10: ='General Evaluation'!B10:D10 -> 0
A11: Date of Evaluation: | B11: ='General Evaluation'!B11:D11 -> 0
A13: Topic | B13: Rating
A14: Quality of Work & Accuracy | B14: ='General Evaluation'!G16 -> Needs Improvement
A15: Creativity | B15: ='General Evaluation'!G17 -> 0
A16: Attitude & Cooperation | B16: ='General Evaluation'!G18 -> 0
A17: Professional & Pathway Appearance | B17: ='General Evaluation'!G19 -> 0
A18: Attendance | B18: ='General Evaluation'!G20 -> 0
A19: Work Space Appearance | B19: ='General Evaluation'!G21 -> 0
A20: Initative & Dependable | B20: ='General Evaluation'!G22 -> 0
A21: Quanity or Volume of Work | B21: ='General Evaluation'!G23 -> 0
A22: Tolerance | B22: ='General Evaluation'!G24 -> 0
A23: Courtesy | B23: ='General Evaluation'!G25 -> 0
A25: Course Knowledge and Skills | D25: Selected Rating
A26: 1. Perform career exploration activities in the culinary and hospitality industry by researching current skills and knowledge needed for career success as well review projected job growth in the field. | D26: Able to Complete with Assistance
A27: 2. Apply management principles to create a culture that values collaboration and teamwork so that critical thinking, effective planning, collaborative decision making, and clear plans of action can be developed and incorporated in a business.
A28: 3. Practice time management skills in culinary arts and in management settings to establish priorities, practice efficient production and management techniques, and work with staff and co-workers to encourage desirable behavior, as well as establish a work and management schedule.
A29: 4. Perform mathematical calculations which include: calculating percentage and ratios, applying formulas, and statistics to increase/decrease the yield of a recipe, ensure consistent food quality and minimize waste, and to perform business operations needed in a successful institution.
A30: 5. Apply ServSafe strategies to consistently handle food using industry techniques that include: proper hand-washing, cross-contamination prevention, ensuring that HACCP principles are followed, preventing time-temperature abuse, and practicing good personal hygiene in the kitchen.
A31: 6. Apply knowledge of kitchen equipment to ensure safe operations in the kitchen, efficient use of time, cost control, and consistent food quality.
A32: 7. Practice mise en place with the preparation of ingredients, pans, utensils, equipment, time, and service pieces to be sure that foods are completed on time and served at the best quality.
A33: 8. Demonstrate proper selection and care of knives and be able to consistently make the following cuts: dice, mince, chiffonade, chop, batonnet, julienne, and brunoise to produce standard-sized foods which result in uniform cooking times and greater visual appeal.
A34: 9. Prepare a stock using the essentials of a liquid, aromatics, mirepoix, and a flavoring ingredient; demonstrate proper handling and chilling the stock.

Sheet Level II Full Eval
A2: Vocational Assessment
A3: Culinary & Hospitality Management Pathway Evaluation Form
A4: Employee/Student Information
A5: Name: | B5: ='General Evaluation'!B5:D5 -> 0
A6: Date of Birth: | B6: ='General Evaluation'!B6:D6 -> 0
A7: Enrollment Level: | B7: ='General Evaluation'!B7:D7 -> 0
A8: School Year: | B8: ='General Evaluation'!B8:D8 -> 0
A9: Case Manager: | B9: ='General Evaluation'!B9:D9 -> 0
A10: Evaluator: | B10: ='General Evaluation'!B10:D10 -> 0
A11: Date of Evaluation: | B11: ='General Evaluation'!B11:D11 -> 0
A13: Topic | B13: Rating
A14: Quality of Work & Accuracy | B14: ='General Evaluation'!G16 -> Needs Improvement
A15: Creativity | B15: ='General Evaluation'!G17 -> 0
A16: Attitude & Cooperation | B16: ='General Evaluation'!G18 -> 0
A17: Professional & Pathway Appearance | B17: ='General Evaluation'!G19 -> 0
A18: Attendance | B18: ='General Evaluation'!G20 -> 0
A19: Work Space Appearance | B19: ='General Evaluation'!G21 -> 0
A20: Initative & Dependable | B20: ='General Evaluation'!G22 -> 0
A21: Quanity or Volume of Work | B21: ='General Evaluation'!G23 -> 0
A22: Tolerance | B22: ='General Evaluation'!G24 -> 0
A23: Courtesy | B23: ='General Evaluation'!G25 -> 0
A25: Course Knowledge and Skills | D25: Selected Rating
A26: 1. Perform career exploration activities in the culinary and hospitality industry by researching current skills and knowledge needed for career success as well review projected job growth in the field.
A27: 2. Apply management principles to create a culture that values collaboration and teamwork so that critical thinking, effective planning, collaborative decision making, and clear plans of action can be developed and incorporated in a business.
A28: 3. Practice time management skills in culinary arts and in management settings to establish priorities, practice efficient production and management techniques, and work with staff and co-workers to encourage desirable behavior, as well as establish a work and management schedule.
A29: 4. Perform mathematical calculations which include: calculating percentage and ratios, applying formulas, and statistics to increase/decrease the yield of a recipe, ensure consistent food quality and minimize waste, and to perform business operations needed in a successful institution.
A30: 5. Apply ServSafe strategies to consistently handle food using industry techniques that include: proper hand-washing, cross-contamination prevention, ensuring that HACCP principles are followed, preventing time-temperature abuse, and practicing good personal hygiene in the kitchen.
A31: 6. Apply knowledge of kitchen equipment to ensure safe operations in the kitchen, efficient use of time, cost control, and consistent food quality.
A32: 7. Practice mise en place with the preparation of ingredients, pans, utensils, equipment, time, and service pieces to be sure that foods are completed on time and served at the best quality.
A33: 8. Demonstrate proper selection and care of knives and be able to consistently make the following cuts: dice, mince, chiffonade, chop, batonnet, julienne, and brunoise to produce standard-sized foods which result in uniform cooking times and greater visual appeal.
A34: 9. Prepare a stock using the essentials of a liquid, aromatics, mirepoix, and a flavoring ingredient; demonstrate proper handling and chilling the stock.
A35: 1. Develop a proposal for a new restaurant/institution that is: based on market research; an analysis of the type of cuisine to be served and/or desired services; create a menu and information that communicates the restaurant/institution’s brand; and determine the location of the restaurant/institution, type of interior, basic layout that conveys flow, promotional strategies, and profitability projections that would support that restaurant/institution.
A36: 2. Conduct customer service surveys and questionnaires to evaluate menu items and alter them as necessary to: increase the nutritional value, be more responsive to a variety of customer dietary needs, and maximize the nutritional value while maintaining or increasing profits.
A37: 3. Calculate food costing to determine profit and loss so that adjustments in ingredients, portion size, recipe yield, and pricing can be adjusted to result in the highest profit margin.
... A40: 6. Demonstrate professional written and verbal communication techniques so that messages are accurately portrayed and professionalism is conveyed.

Sheet Level III Full Eval
A2: Vocational Assessment
A3: Culinary & Hospitality Management Pathway Evaluation Form
A4: Employee/Student Information
A5: Name: | B5: ='General Evaluation'!B5:D5 -> 0
A6: Date of Birth: | B6: ='General Evaluation'!B6:D6 -> 0
A7: Enrollment Level: | B7: ='General Evaluation'!B7:D7 -> 0
A8: School Year: | B8: ='General Evaluation'!B8:D8 -> 0
A9: Case Manager: | B9: ='General Evaluation'!B9:D9 -> 0
A10: Evaluator: | B10: ='General Evaluation'!B10:D10 -> 0
A11: Date of Evaluation: | B11: ='General Evaluation'!B11:D11 -> 0
A13: Topic | B13: Rating
A14: Quality of Work & Accuracy | B14: ='General Evaluation'!G16 -> Needs Improvement
A15: Creativity | B15: ='General Evaluation'!G17 -> 0
A16: Attitude & Cooperation | B16: ='General Evaluation'!G18 -> 0
A17: Professional & Pathway Appearance | B17: ='General Evaluation'!G19 -> 0
A18: Attendance | B18: ='General Evaluation'!G20 -> 0
A19: Work Space Appearance | B19: ='General Evaluation'!G21 -> 0
A20: Initative & Dependable | B20: ='General Evaluation'!G22 -> 0
A21: Quanity or Volume of Work | B21: ='General Evaluation'!G23 -> 0
A22: Tolerance | B22: ='General Evaluation'!G24 -> 0
A23: Courtesy | B23: ='General Evaluation'!G25 -> 0
A24: Course Knowledge and Skills | D24: Selected Rating
A25: 1. Develop a proposal for a new restaurant/institution that is: based on market research; an analysis of the type of cuisine to be served and/or desired services; create a menu and information that communicates the restaurant/institution’s brand; and determine the location of the restaurant/institution, type of interior, basic layout that conveys flow, promotional strategies, and profitability projections that would support that restaurant/institution.
A26: 2. Conduct customer service surveys and questionnaires to evaluate menu items and alter them as necessary to: increase the nutritional value, be more responsive to a variety of customer dietary needs, and maximize the nutritional value while maintaining or increasing profits.
A27: 3. Calculate food costing to determine profit and loss so that adjustments in ingredients, portion size, recipe yield, and pricing can be adjusted to result in the highest profit margin.
A28: 4. Define a process for procuring products and services to ensure that goods are purchased at the best price, delivered in a timely manner, stored correctly, and inventoried properly to be used efficiently so that waste is minimized.
A29: 5. Purchase, prepare, and store a variety of foods to demonstrate knowledge of safe and efficiently serving food at optional quality and flavor.
A30: 6. Demonstrate professional written and verbal communication techniques so that messages are accurately portrayed and professionalism is conveyed.
A31: 1. Prepare a resume that reflects career goals, education, and certifications, as well as knowledge and skills acquired with the program of study to be presented for employment; work with peers to review and prepare a cover letter and questions for a potential employer
A32: 2. Compare various organizational structures and management styles to determine the effectiveness of each, taking into consideration the impact on: human resources, product, cost control, customer satisfaction, and facilities management.
A33: 3. Apply content from case-studies to further develop critical thinking skills, reflect on action plans as well as related work, apply creativity to develop solutions, and obtain practical knowledge while improving problem-solving skills.
A34: 4. Demonstrate specific sustainability techniques that a restaurant/institution could employ to: reduce waste, improve efficiency, increase conservation, encourage recycling, reduce water usage, and advance green initiatives.
A35: 5. Prepare a variety of global cuisines to demonstrate knowledge of how they should be purchased, stored, and prepared so they can be safely and efficiently served at optimal quality and flavor.
A36: 6. Create a menu that demonstrates the principles of menu layout, balance, customer satisfaction, availability of ingredients, skill of personnel, physical layout of facility, and profitability.
A37: 7. Engage in a work-based learning opportunity that provides hands-on application of acquired skills and knowledge to become an industry professional through hands-on work under the direction of a mentor.

Sheet Level IV & V Full Eval
A2: Vocational Assessment
A3: Culinary & Hospitality Management Pathway Evaluation Form
A4: Employee/Student Information
A5: Name: | B5: ='General Evaluation'!B5:D5 -> 0
A6: Date of Birth: | B6: ='General Evaluation'!B6:D6 -> 0
A7: Enrollment Level: | B7: ='General Evaluation'!B7:D7 -> 0
A8: School Year: | B8: ='General Evaluation'!B8:D8 -> 0
A9: Case Manager: | B9: ='General Evaluation'!B9:D9 -> 0
A10: Evaluator: | B10: ='General Evaluation'!B10:D10 -> 0
A11: Date of Evaluation: | B11: ='General Evaluation'!B11:D11 -> 0
A13: Topic | B13: Rating
A14: Quality of Work & Accuracy | B14: ='General Evaluation'!G16 -> Needs Improvement
A15: Creativity | B15: ='General Evaluation'!G17 -> 0
A16: Attitude & Cooperation | B16: ='General Evaluation'!G18 -> 0
A17: Professional & Pathway Appearance | B17: ='General Evaluation'!G19 -> 0
A18: Attendance | B18: ='General Evaluation'!G20 -> 0
A19: Work Space Appearance | B19: ='General Evaluation'!G21 -> 0
A20: Initative & Dependable | B20: ='General Evaluation'!G22 -> 0
A21: Quanity or Volume of Work | B21: ='General Evaluation'!G23 -> 0
A22: Tolerance | B22: ='General Evaluation'!G24 -> 0
A23: Courtesy | B23: ='General Evaluation'!G25 -> 0
A24: Course Knowledge and Skills | D24: Selected Rating
A25: 1. Prepare a resume that reflects career goals, education, and certifications, as well as knowledge and skills acquired with the program of study to be presented for employment; work with peers to review and prepare a cover letter and questions for a potential employer
A26: 2. Compare various organizational structures and management styles to determine the effectiveness of each, taking into consideration the impact on: human resources, product, cost control, customer satisfaction, and facilities management.
A27: 3. Apply content from case-studies to further develop critical thinking skills, reflect on action plans as well as related work, apply creativity to develop solutions, and obtain practical knowledge while improving problem-solving skills.
A28: 4. Demonstrate specific sustainability techniques that a restaurant/institution could employ to: reduce waste, improve efficiency, increase conservation, encourage recycling, reduce water usage, and advance green initiatives.
A29: 5. Prepare a variety of global cuisines to demonstrate knowledge of how they should be purchased, stored, and prepared so they can be safely and efficiently served at optimal quality and flavor.
A30: 6. Create a menu that demonstrates the principles of menu layout, balance, customer satisfaction, availability of ingredients, skill of personnel, physical layout of facility, and profitability.
A31: 7. Engage in a work-based learning opportunity that provides hands-on application of acquired skills and knowledge to become an industry professional through hands-on work under the direction of a mentor.
